 Dungeon Crawl Stone Soup version 0.30-a0-778-g2ef04afb54 (webtiles) character file.

Game seed: 8352593905103160974

21 Wobber the Grasshopper (level 2, -5/26 HPs)
             Began as a Gnoll Warper on Feb 16, 2023.
             Slain by a kobold
             ... wielding a +1 short sword of distortion
              (13 damage)
             ... on level 1 of the Dungeon.
             The game lasted 00:02:15 (586 turns).

Wobber the Grasshopper (Gnoll Warper)                Turns: 586, Time: 00:02:16

Health: -5/26      AC:  3    Str: 10    XL:     2   Next: 87%
Magic:  7/7        EV: 12    Int: 12    God:
Gold:   47         SH:  0    Dex: 11    Spells: 10/10 levels left

rFire   . . .      SeeInvis .    e - +2 short sword (speed)
rCold   . . .      Faith    .    (no shield)
rNeg    . . .      Spirit   .    b - +0 leather armour
rPois   .          Reflect  .    (no helmet)
rElec   .          Harm     .    (no cloak)
rCorr   .          Rampage  .    (no gloves)
Will    .....                    (no boots)
Stlth   +                        (no amulet)
HPRegen 0.24/turn                (no ring)
MPRegen 0.10/turn                (no ring)

@: no status effects
A: fangs 1, strong nose, distributed training
a: no special abilities


You were on level 1 of the Dungeon.
You visited 1 branch of the dungeon, and saw 1 of its levels.

You collected 47 gold pieces.

Inventory:

Hand Weapons
 a - a +0 falchion
 e - a +2 short sword of speed (weapon)
Missiles
 d - 7 boomerangs of dispersal (quivered)
Armour
 b - a +0 leather armour (worn)
Scrolls
 c - a scroll of blinking
 h - a scroll of fog {unknown}
 i - a scroll of teleportation {unknown}
Potions
 f - a potion of ambrosia {unknown}
 g - a potion of curing {unknown}
 j - a potion of mutation {unknown}
 k - a potion of brilliance {unknown}


   Skills:
 + Level 4.5 Fighting
 + Level 0.5 Short Blades
 + Level 4.5 Long Blades
 + Level 0.5 Axes
 + Level 0.5 Maces & Flails
 + Level 0.5 Polearms
 + Level 0.5 Staves
 + Level 0.5 Ranged Weapons
 + Level 2.5 Throwing
 + Level 2.5 Armour
 + Level 4.5 Dodging
 + Level 0.5 Stealth
 + Level 0.5 Shields
 + Level 0.5 Unarmed Combat
 + Level 4.9 Spellcasting
 + Level 0.4 Conjurations
 + Level 0.4 Hexes
 + Level 0.4 Summonings
 + Level 0.4 Necromancy
 + Level 5.4 Translocations
 + Level 0.4 Transmutations
 + Level 0.4 Fire Magic
 + Level 0.4 Ice Magic
 + Level 0.4 Air Magic
 + Level 0.4 Earth Magic
 + Level 0.4 Poison Magic
 + Level 0.7 Invocations
 + Level 0.5 Evocations


You had 10 spell levels left.
You didn't know any spells.
Your spell library contained the following spells:

 Spells                   Type           Power      Damage    Failure   Level
 Blink                    Tloc           30%        N/A       4%          2
 Lesser Beckoning         Tloc           30%        N/A       4%          2
 Teleport Other           Tloc           15%        N/A       9%          3
 Vhi's Electric Charge    Tloc/Air       18%        N/A       24%         3
 Manifold Assault         Tloc           15%        N/A       28%         4


Dungeon Overview and Level Annotations

Branches:
Dungeon (1/15)

Altars:


Innate Abilities, Weirdness & Mutations

You have very sharp teeth.
Your uncanny sense of smell can sniff out nearby items.
Your experience applies equally to all skills.


Message History

j - a metallic yellow potion You see here 5 stones.
You see here 5 stones.
k - an emerald potion A goblin comes into view.
It is wielding a +0 club.
The goblin shouts!
Found a plate armour.
The goblin hits you with a +0 club.
You barely miss the goblin. The goblin closely misses you.
You barely miss the goblin. You hit the goblin.
You kill the goblin!
You see here a +0 club.
HP restored.
You see here a +0 plate armour.
An endoplasm comes into view.
The endoplasm quivers.
You hit the endoplasm.
The endoplasm is heavily wounded.
The endoplasm barely misses you.
You hit the endoplasm.
You kill the endoplasm!
Found a whip.
You see here a +0 whip.
You see here a +0 whip.
There is an open door here.
You open the door.
A kobold comes into view.
It is wielding a +1 short sword of distortion.
There is an open door here.
The helpless kobold fails to defend itself.
You hit the kobold.
The kobold is moderately wounded.
The kobold hits you with a +1 short sword of distortion.
Space warps horribly around you!
You closely miss the kobold.
The kobold is moderately wounded.
The kobold hits you with a +1 short sword of distortion.
Space warps horribly around you!
Ouch! That really hurt!
You die...

.#.#..#........# #.##......#
...#..#........######.##......#
##.............##.....##......#
+..............##.###.##......#
##.............##.###..#......#
##..(#.#.#.######.#...........#
##..÷....#........#.#.##......#
##...#########.####.#.###..####
###...).# #..@K+ #.+.)..#
......#.# #.####+#+####.#
......#.# #.#.........#.#
......#.# #.#..#.8.#..#.#
......#.# #.....§.≈.....#
..#####.# ###.........#.#
......#.# #..#...#..#.#
......#.# #.........#.#
......#.# #.........#.#


You could see a kobold.

Vanquished Creatures
  2 ball pythons (D:1)
  An endoplasm (D:1)
  3 hobgoblins (D:1)
  3 bats (D:1)
  A frilled lizard (D:1)
  4 goblins (D:1)
  3 kobolds (D:1)
  2 rats (D:1)
19 creatures vanquished.

Notes
Turn   | Place    | Note
-------+----------+-------------------------------------------
     0 | D:1      | Wobber the Gnoll Warper began the quest for the Orb.
     0 | D:1      | Reached XP level 1. HP: 20/20 MP: 6/6
   171 | D:1      | Reached XP level 2. HP: 14/26 MP: 7/7
   586 | D:1      | Slain by a kobold

Illustrated notes

Levels and vault maps discovered:
D:1:      shiori_arrival_oz, layout_basic, minmay_misc_feat_enclosed,
          minivault_23

Action                     || total
---------------------------++-------
  Melee: Falchion          ||    30
         Bite              ||     6
         Punch             ||     1
         Short sword       ||    31
   Stab: Sleeping          ||     1
 Armour: Leather armour    ||    11
  Dodge: Dodged            ||    37

Table legend: (Time is in decaauts)
 A = Elapsed time spent in this place.
 B = Non-inter-level travel time spent in this place.
 C = Inter-level travel time spent in this place.
 D = Time resting spent in this place.
 E = Time spent auto-exploring this place.
 F = Levels seen in this place.
 G = Mean time per level.
                   A        B        C        D        E       F      G
               +--------+--------+--------+--------+--------+-----+--------+
         Total |    576 |    576 |      0 |      0 |    418 |   1 |  576.0 |
       Dungeon |    576 |    576 |      0 |      0 |    418 |   1 |  576.0 |
               +--------+--------+--------+--------+--------+-----+--------+

Top non-repeatable levels by time:
     D:1: 576 daAuts
